 Dungeon Crawl Stone Soup version 0.28.0-45-g0d030f2227 (webtiles) character file.

Game seed: 15944041264541189038

23 NinjaNoafa the Chiller (level 2, 0/22 HPs)
             Began as a Draconian Ice Elementalist on Apr 11, 2022.
             Slain by a worm (4 damage)
             ... on level 2 of the Dungeon.
             The game lasted 00:02:11 (1566 turns).

NinjaNoafa the Chiller (Draconian Ice Elementalist) Turns: 1566, Time: 00:02:13

Health: 0/22       AC:  4    Str: 10    XL:     2   Next: 72%
Magic:  3/5        EV: 12    Int: 15    God:
Gold:   82         SH:  0    Dex: 11    Spells: 4/5 levels left

rFire   . . .      SeeInvis .   (no weapon)
rCold   . . .      Faith    .   (no shield)
rNeg    . . .      Spirit   .   (armour unavailable)
rPois   .          Reflect  .   (helmet restricted)
rElec   .          Harm     .   (no cloak)
rCorr   .          Rampage  .   (no gloves)
Will    .....                   (no boots)
Stlth   ++........              (no amulet)
HPRegen 0.07/turn               (no ring)
MPRegen 0.09/turn               (no ring)

@: no status effects
A: AC +4, unfitting armour, cold-blooded
a: no special abilities


You were on level 2 of the Dungeon.
You visited 1 branch of the dungeon, and saw 2 of its levels.

You collected 82 gold pieces.

Inventory:

Missiles
 c - 29 stones
 d - 3 poisoned darts (quivered)
Scrolls
 e - a scroll of blinking {unknown}
Potions
 a - a potion of brilliance {unknown}
 b - a potion of mutation {unknown}


   Skills:
 * Level 0.7 Fighting
 + Level 2.1 Dodging
 - Level 2.0 Stealth
 + Level 2.2 Spellcasting
 + Level 4.2 Ice Magic


You had 4 spell levels left.
You knew the following spells:

 Your Spells              Type           Power      Damage    Failure   Level
a - Freeze                Ice            56%        1d7       3%          1

Your spell library contained the following spells:

 Spells                   Type           Power      Damage    Failure   Level
 Frozen Ramparts          Ice            28%        1d4       12%         3
 Ozocubu's Armour         Ice            14%        N/A       12%         3
 Hailstorm                Conj/Ice       8%         3d4       65%         4


Dungeon Overview and Level Annotations

Branches:
Dungeon (2/15)

Altars:


Innate Abilities, Weirdness & Mutations

Your plain brown scales are hard. (AC +4)
You cannot fit into any form of body armour.
You are cold-blooded and may be slowed by cold attacks.


Message History

The worm bites you.
You hit the worm but do no damage. You tail-slap the worm.
The worm is moderately wounded.
The frilled lizard closely misses you. The worm bites you.
You hit the worm but do no damage.
The worm is moderately wounded.
The frilled lizard barely misses you.
You barely miss the worm.
The worm is moderately wounded.
The worm bites you!
The frilled lizard bites you but does no damage.
You are too injured to fight recklessly!
You are too injured to fight recklessly!
You are too injured to fight recklessly!
You are too injured to fight recklessly!
You are too injured to fight recklessly!
You are too injured to fight recklessly!
You are too injured to fight recklessly!
You are too injured to fight recklessly!
You are too injured to fight recklessly!
You are too injured to fight recklessly!
You are too injured to fight recklessly!
Casting: Freeze (safe; 3% risk of failure)
Confirm with . or Enter, or press ? or * to list all spells.
Aiming: Freeze (safe; 3% risk of failure)
Press: ? - help, Shift-Dir - straight line, f - worm
Aim: a worm (lightly wounded)
You freeze the worm.
The worm is moderately wounded.
The frilled lizard bites you.
* * * LOW HITPOINT WARNING * * *
Casting: Freeze (safe; 3% risk of failure)
Confirm with . or Enter, or press ? or * to list all spells.
Aiming: Freeze (safe; 3% risk of failure)
Press: ? - help, Shift-Dir - straight line, f/p - worm
Aim: a worm (moderately wounded)
You freeze the worm.
The worm is moderately wounded.
The worm bites you.
You die...

#########
##.......#
.......#.#
.......#.# .#
.......#.###
..
...........
.####.
......w#.#
.#....
#.@l####.....
#.##.....# #.
+.....+ ##
#.....#
#.....#
#.....#
#>....#
#.....#
#.....#


You could see a worm and a frilled lizard.

Vanquished Creatures
  A dart slug (D:1)
  2 ball pythons (D:1)
  A bat (D:2)
  2 endoplasms (D:1)
  A giant cockroach (D:1)
  A goblin (D:1)
  4 hobgoblins (D:1)
  2 kobolds (D:1)
  A quokka (D:1)
  A frilled lizard (D:1)
  A rat (D:1)
17 creatures vanquished.

Vanquished Creatures (others)
  A bat (D:1)
1 creature vanquished.

Grand Total: 18 creatures vanquished

Notes
Turn   | Place    | Note
-------+----------+-------------------------------------------
     0 | D:1      | NinjaNoafa the Draconian Ice Elementalist began the quest
                  | for the Orb.
     0 | D:1      | Reached XP level 1. HP: 14/14 MP: 3/3
   418 | D:1      | Reached XP level 2. HP: 13/20 MP: 3/5
  1566 | D:2      | Slain by a worm

Illustrated notes

Levels and vault maps discovered:
D:1:      wander_arrival_abandoned_jail, layout_basic
D:2:      layout_basic, serial_shops, nicolae_shop_advertising_works
          [nicolae_subvault_shop_adworks], skrybe_limestone_x,
          minmay_misc_feat_rows, grunt_decor_clamped

Skill      XL: |  1 |
---------------+----+-----
Dodging        | 2 |  2.1
Stealth        | 2 |  2.0
Fighting       | |  0.7
Spellcasting   | |  2.2
Ice Magic      | |  4.2

Action                   || total
-------------------------++-------
Melee: Unarmed           ||    48
       Tailslap          ||     3
 Cast: Freeze            ||    25
Armor: Skin              ||    22
Dodge: Dodged            ||    51
